Map: Prion Terraces

Players

GrEEnEr

  • Race: Zerg Zerg
  • League: Platinum

LilDicky - Winner!

  • Race: Terran Terran
  • League: Diamond

VOD

http://www.twitch.tv/tumescentpie

Description

Time

  • Played on: Nov. 27, 2015, 11:36 a.m.
  • Length: 32:36
Show
View Real Time Build Order
Export as new Build Order

GrEEnEr Zerg 

Build Orders: Pool First, Lurkers 

Get SALT Encoding   

  12  0:02  Extractor  
  11  0:22  Spawning Pool  
  11  0:27  Drone  
  11  0:35  Drone  
  12  0:40  Drone  
  13  0:47  Drone  
  14  1:01  Overlord  
  14  1:10  Metabolic Boost  
  14  1:20  Zergling x4  
  14  1:23  Zergling x2  
  17  1:32  Zergling x2  
  18  1:46  Drone, Queen  
  21  1:54  Drone  
  22  2:08  Drone  
  22  2:14  Baneling Nest  
  22  2:15  Overlord  
  21  2:25  Overlord  
  21  2:47  Hatchery  
  20  2:56  Drone x2  
  22  3:00  Drone  
  23  3:08  Drone  
  24  3:17  Drone  
  25  3:23  Drone  
  25  3:25  Extractor  
  25  3:32  Zergling x4  
  27  3:38  Roach Warren  
  26  3:45  Queen  
  28  3:53  Drone  
  30  3:55  Drone  
  30  4:03  Drone x2  
  30  4:05  Drone  
  32  4:19  Roach x2  
  36  4:28  Drone x2  
  38  4:34  Lair  
  38  4:39  Roach  
  38  4:45  Spore Crawler  
  39  4:46  Drone  
  40  4:54  Drone x2  
  40  4:58  Drone  
  43  5:06  Overlord x2  
  43  5:22  Overlord  
  43  5:26  Ravager  
  43  5:28  Roach x4  
  52  5:37  Drone  
  52  5:38  Drone x4  
  57  5:43  Centrifical Hooks  
  57  5:47  Glial Reconstitution  
  57  5:51  Drone  
  57  5:54  Overseer  
  58  5:57  Pneumatized Carapace  
  58  6:02  Baneling x3  
  58  6:10  Drone x2  
  60  6:12  Extractor  
  60  6:14  Drone x2, Extractor  
  60  6:22  Baneling  
  60  6:23  Baneling x3  
  60  6:40  Zergling x8  
  60  6:43  Overlord x2  
  64  6:51  Hatchery  
  63  6:54  Roach x2  
  67  7:02  Drone x3  
  70  7:14  Roach x3  
  70  7:15  Roach x3  
  82  7:18  Overlord  
  82  7:25  Evolution Chamber x2  
  80  7:31  Baneling x5  
  80  7:32  Baneling x5  
  80  7:33  Baneling  
  80  7:34  Baneling  
  80  7:41  Roach x2  
  84  7:48  Drone x2  
  86  7:51  Zerg Melee Weapons Level 1  
  86  7:55  Zerg Missile Weapons Level 1  
  86  8:02  Roach x2  
  89  8:12  Roach x3  
  95  8:22  Drone x3  
  95  8:24  Overlord  
  98  8:30  Overlord  
  83  8:46  Drone x2  
  83  8:47  Drone x9  
  93  8:51  Extractor  
  93  8:52  Extractor  
  91  9:00  Hydralisk Den  
  90  9:13  Drone x2  
  90  9:14  Drone  
  90  9:15  Spine Crawler  
  88  9:36  Hydralisk x6  
  88  9:37  Hydralisk x4  
  107  9:42  Lurker Den  
  107  9:52  Spine Crawler  
  106  9:53  Drone  
  106  9:54  Drone x4, Spine Crawler  
  110  10:12  Drone x4  
  114  10:18  Overlord x3  
  114  10:21  Zerg Missile Weapons Level 2  
  114  10:22  Zerg Melee Weapons Level 2  
  114  10:46  Hydralisk x3  
  120  10:50  Spire  
  119  10:59  Queen  
  119  11:01  Queen  
  119  11:02  Overlord x2  
  123  11:12  Hydralisk x2  
  123  11:15  Lurker  
  123  11:16  Lurker x7  
  135  11:19  Hatchery  
  135  11:20  Hydralisk  
  135  11:23  Hydralisk  
  132  11:38  Infestation Pit  
  131  11:44  Drone x2  
  133  11:49  Zergling x14  
  133  11:50  Zergling x14  
  147  11:59  Overlord  
  147  12:00  Overlord x3  
  147  12:10  Drone, Spine Crawler  
  147  12:12  Spine Crawler  
  146  12:25  Hydralisk x6  
  158  12:32  Muscular Augments  
  146  12:54  Queen  
  146  12:56  Drone x5  
  153  13:13  Corruptor x3  
  153  13:14  Corruptor x4  
  167  13:27  Drone x7  
  174  13:43  Drone x3  
  174  13:46  Corruptor  
  174  13:47  Corruptor x4  
  175  14:26  Hydralisk x7  
  175  14:27  Hydralisk  
  175  14:37  Hydralisk x2, Zergling x8  
  187  14:38  Roach x5  
  191  14:47  Hive  
  179  15:06  Hydralisk x9  
  137  15:29  Hydralisk x4  
  137  15:30  Hydralisk x3  
  114  16:04  Hatchery  
  113  16:11  Greater Spire  
  113  16:19  Spine Crawler x2  
  113  16:22  Spine Crawler  
  94  17:05  Viper x3  
  94  17:06  Viper  
  106  17:25  Evolution Chamber  
  106  17:26  Hatchery  
  106  17:27  Evolution Chamber x2  
  102  17:34  Hydralisk x2  
  102  17:35  Hydralisk  
  108  17:46  Lurker x2  
  108  17:47  Lurker x8  
  118  17:58  Zergling x14  
  125  18:26  Zergling x8  
  125  18:27  Zergling x22  
  140  18:41  Evolution Chamber  
  137  18:42  Evolution Chamber  
  137  18:45  Evolution Chamber, Brood Lord  
  137  18:46  Brood Lord x2  
  137  18:47  Brood Lord  
  143  18:54  Extractor  
  143  18:55  Extractor  
  116  19:56  Queen  
  89  20:08  Evolution Chamber  
  89  20:09  Evolution Chamber  
  85  20:38  Drone x2  
  85  20:39  Drone x2  
  89  20:44  Hatchery  
  89  20:45  Extractor  
  89  20:47  Queen  
  89  20:51  Extractor  
  89  20:57  Queen  
  90  21:05  Brood Lord  
  90  21:06  Zergling x14, Brood Lord  
  90  21:07  Zergling x8  
  94  21:23  Drone x5  
  94  21:24  Drone  
  97  22:13  Overseer  
  97  22:28  Drone x3  
  100  22:34  Drone  
  101  22:37  Drone  
  101  22:38  Drone x3  
  104  23:09  Drone  
  104  23:10  Drone x2  
  99  23:25  Spore Crawler  
  99  23:26  Spore Crawler  
  95  23:29  Spore Crawler  
  95  23:33  Hydralisk  
  95  23:34  Hydralisk x4  
  99  23:41  Drone  
  99  23:55  Extractor  
  98  23:57  Extractor  
  97  24:09  Lair  
  97  24:24  Hydralisk x2  
  101  24:40  Overlord x2  
  94  25:13  Overlord x3  
  86  25:26  Overlord x2  
  86  25:27  Overlord  
  84  25:49  Hydralisk Den  
  74  26:23  Spawning Pool  
  74  26:25  Lurker Den  
  73  26:27  Hydralisk x6  
  83  26:50  Hydralisk x3  
  56  27:09  Hydralisk  
  56  27:10  Hydralisk  
  48  27:33  Overseer  
  48  27:37  Hydralisk x3  
  48  27:40  Hydralisk  
  52  28:28  Hydralisk x4  
  52  28:29  Hydralisk  
  61  29:04  Hatchery  
  54  29:19  Hydralisk  
  56  29:34  Overseer  
  52  29:57  Overseer  
  44  30:18  Lurker x2  
  44  30:19  Lurker  
  47  31:14  Drone x3  
  47  31:17  Extractor x2  
  49  31:21  Hydralisk x2  
  54  31:41  Drone  
  45  32:08  Hatchery  
  45  32:12  Hydralisk  
Show
View Real Time Build Order
Export as new Build Order

LilDicky Terran - Winner!

Build Orders: Mech 

Get SALT Encoding   

  12  0:01  SCV  
  13  0:13  SCV  
  14  0:18  Supply Depot  
  14  0:25  SCV  
  15  0:37  Refinery  
  15  0:39  SCV  
  16  0:45  Barracks  
  16  0:51  SCV  
  17  1:03  SCV  
  18  1:15  SCV  
  19  1:28  SCV  
  19  1:32  Marine  
  21  1:34  Supply Depot  
  21  1:40  Orbital Command  
  21  1:49  Marine  
  22  2:07  Command Center  
  22  2:09  Factory  
  22  2:12  Marine  
  23  2:16  SCV  
  24  2:28  SCV  
  25  2:36  Barracks Tech Lab  
  25  2:44  SCV  
  26  2:52  Refinery  
  26  2:56  SCV  
  27  3:03  Siege Tank  
  30  3:08  SCV  
  31  3:15  Command Center  
  31  3:20  SCV  
  31  3:25  Barracks Reactor  
  32  3:30  Factory  
  32  3:32  SCV, Orbital Command  
  33  3:45  SCV  
  34  3:55  Engineering Bay  
  34  3:56  Refinery  
  34  3:57  SCV  
  34  3:58  SCV  
  34  3:59  Refinery  
  36  4:06  Siege Tank  
  36  4:09  SCV  
  40  4:19  SCV  
  41  4:25  Supply Depot, SCV  
  42  4:35  SCV  
  43  4:43  Bunker  
  43  4:49  Bunker  
  43  4:53  Hellion x2, Siege Tank  
  43  4:54  Infernal Pre-Igniter  
  43  4:57  Planetary Fortress  
  43  4:59  SCV x2  
  52  5:11  SCV  
  52  5:12  SCV  
  54  5:16  Refinery  
  54  5:19  Refinery  
  54  5:23  SCV  
  54  5:25  Siege Tank, Bunker  
  58  5:34  SCV  
  59  5:35  Supply Depot  
  59  5:43  SCV  
  59  5:45  Hellion  
  59  5:46  Hellion  
  64  5:53  Starport  
  64  5:56  SCV  
  65  5:59  Supply Depot  
  65  6:06  SCV x2  
  65  6:07  Missile Turret  
  67  6:23  SCV x3  
  70  6:27  Hellion  
  70  6:28  Hellion  
  70  6:31  Starport Reactor  
  70  6:32  Siege Tank  
  77  6:33  Factory  
  77  6:35  SCV x2  
  77  6:38  Armory  
  77  6:39  Armory, Missile Turret  
  79  6:43  Missile Turret  
  79  6:44  Missile Turret  
  79  6:48  SCV x2  
  79  6:49  SCV  
  79  6:51  Hellion  
  84  6:57  Missile Turret  
  84  7:00  SCV  
  85  7:02  Supply Depot  
  85  7:03  Supply Depot  
  85  7:04  Supply Depot, Liberator x2  
  85  7:20  Factory Tech Lab  
  85  7:22  SCV  
  92  7:24  Supply Depot, Hellion, Missile Turret  
  92  7:25  Missile Turret  
  92  7:27  Missile Turret  
  92  7:29  Terran Vehicle Weapons Level 1  
  94  7:30  Terran Vehicle And Ship Armor Level 1, Supply Depot x2  
  94  7:32  SCV x2  
  94  7:34  SCV  
  97  7:44  SCV  
  97  7:49  SCV x2  
  98  8:03  Hellion x2  
  98  8:04  Siege Tank x2  
  98  8:33  Supply Depot  
  98  8:34  Supply Depot  
  98  8:36  Siege Tank  
  98  8:37  Command Center  
  98  8:39  Supply Depot  
  98  8:41  Supply Depot  
  95  8:43  Missile Turret  
  94  8:52  Liberator x2  
  94  9:03  Command Center  
  94  9:06  SCV x3  
  94  9:08  Hellion x2, Siege Tank x2  
  113  9:18  SCV  
  113  9:21  Factory x2  
  110  9:38  Hellion x2  
  110  9:40  Hellion  
  110  9:41  Terran Vehicle Weapons Level 2, Terran Vehicle And Ship Armor Level 2  
  110  9:42  SCV x2  
  114  9:49  SCV  
  115  9:53  Liberator  
  115  9:54  SCV  
  115  9:55  Liberator  
  115  9:59  Command Center  
  116  10:02  Supply Depot  
  116  10:03  Supply Depot x2, SCV  
  116  10:04  Hi-Sec Auto Tracking  
  116  10:07  Factory Tech Lab x2  
  117  10:08  Thor, Hellion x3  
  135  10:16  Planetary Fortress  
  135  10:19  Missile Turret  
  135  10:29  Thor x2, Hellion  
  148  10:36  Factory  
  148  10:47  Planetary Fortress  
  148  10:51  Missile Turret  
  148  10:52  Missile Turret  
  148  10:53  Missile Turret  
  148  11:01  SCV, Refinery x2  
  148  11:02  SCV x2  
  151  11:08  Liberator x2  
  151  11:10  SCV  
  152  11:13  SCV, Engineering Bay  
  152  11:14  SCV x2  
  155  11:20  Factory  
  155  11:22  SCV, Factory Reactor  
  155  11:24  Hellion x2  
  160  11:26  SCV  
  160  11:31  Missile Turret  
  167  11:42  Supply Depot  
  167  11:43  Supply Depot  
  167  11:45  Building Armor  
  167  11:50  SCV  
  167  11:51  Liberator  
  167  11:52  Engineering Bay  
  168  12:04  Liberator  
  168  12:07  Factory Reactor  
  168  12:08  Terran Vehicle And Ship Armor Level 3, Terran Vehicle Weapons Level 3  
  168  12:13  Hellion  
  168  12:14  Thor x2, Hellion  
  180  12:28  Hellion x2  
  180  12:29  Hellion  
  186  12:34  Liberator  
  175  12:54  Hellion x2  
  180  13:05  Starport  
  180  13:11  Starport  
  180  13:13  Command Center, Planetary Fortress  
  180  13:22  Missile Turret  
  180  13:24  Terran Infantry Weapons Level 1  
  180  13:27  Thor x2  
  180  13:28  Hellion x4  
  200  13:55  Refinery x2  
  198  13:59  Starport Tech Lab  
  198  14:00  Starport Tech Lab  
  196  14:02  Fusion Core  
  196  14:18  Liberator x2  
  191  14:30  Raven x2  
  189  14:45  Terran Ship Weapons Level 1  
  189  14:48  Planetary Fortress  
  189  14:51  Missile Turret  
  189  14:56  Liberator x2  
  180  15:01  Liberator x2  
  137  15:32  Thor x4  
  137  15:33  Hellion  
  137  15:34  Hellion x5  
  150  15:39  Liberator  
  150  15:48  Command Center  
  150  15:51  Command Center  
  150  15:55  Hellion x5  
  163  15:57  Command Center  
  163  15:58  Hellion  
  163  15:59  Raven  
  167  16:08  Behemoth Reactor  
  167  16:09  Command Center  
  167  16:13  Corvid Reactor  
  167  16:15  Thor x2  
  167  16:16  Hellion x2  
  183  16:26  Refinery  
  183  16:31  Refinery  
  183  16:37  Siege Tank x2  
  183  16:38  Banshee, Viking x2  
  196  16:42  Banshee  
  197  17:03  Command Center  
  197  17:11  Planetary Fortress  
  197  17:12  Orbital Command  
  197  17:18  Missile Turret  
  197  17:21  Banshee  
  200  17:47  Orbital Command  
  200  17:53  Missile Turret  
  200  18:00  Command Center  
  194  18:22  Battlecruiser, Viking  
  196  18:37  Battlecruiser  
  193  18:53  Command Center  
  193  19:00  Refinery  
  189  19:14  Orbital Command  
  189  19:15  Missile Turret  
  189  19:26  Hellion x2  
  189  19:27  Battlecruiser  
  161  19:41  Raven  
  155  19:47  Hellion x3, Siege Tank  
  158  20:08  Siege Tank  
  158  20:09  Hellion  
  163  20:16  Orbital Command, Liberator  
  145  20:23  Hellion  
  153  20:30  Banshee  
  153  20:32  Viking x2  
  157  20:38  Thor  
  163  20:52  Planetary Fortress  
  161  21:05  Viking x2  
  164  21:13  Banshee  
  167  21:24  Hellion  
  167  21:25  Thor x2, Hellion x3  
  175  21:29  Viking  
  184  21:36  Marine  
  170  21:47  Viking x2  
  170  21:53  Cloaking Field  
  174  21:56  Banshee  
  174  21:58  Advanced Ballistics  
  174  21:59  Terran Ship Weapons Level 2, Banshee  
  180  22:04  Weapon Refit  
  180  22:10  Refinery  
  180  22:44  Banshee  
  180  22:45  Banshee  
  180  22:46  Viking  
  180  22:47  Viking  
  180  22:48  Hellion x5  
  192  23:27  Banshee  
  175  25:21  Thor x4, Hellion x2  
  185  25:22  Hellion  
  193  25:36  Command Center  
  193  25:52  Command Center  
  187  26:11  Hellion x2  
  188  26:18  Hellion x4, Siege Tank x2  
  195  27:45  Planetary Fortress  
  195  27:47  Planetary Fortress  
  195  28:01  Banshee  
  181  28:37  Banshee  
  181  28:38  Viking x2  
  181  28:40  Planetary Fortress  
  188  28:43  Banshee  
  188  28:45  Starport  
  188  28:46  Starport, Terran Ship Weapons Level 3  
  188  28:47  Starport x2  
  188  28:48  Hyperflight Rotors  
  191  28:52  Explosive Shrapnel Shells  
  189  29:20  Banshee  
  192  29:26  Banshee  
  192  29:30  Command Center  
  182  30:03  Viking x2  
  182  30:05  Starport Tech Lab x4  
  174  30:22  Refinery  
  174  30:23  Refinery  
  174  30:37  Command Center, Refinery  
  174  30:40  Refinery  
  174  31:04  Command Center  
  174  31:30  Banshee x2  
  174  31:31  Banshee x3  
  195  31:46  Planetary Fortress  
Tags
 
Add a new tag
Caveats
  • Supply blocks, unpowered buildings, or Contaminate may cause inaccurate times.
  • Supply counts are checked every 10 seconds.